AoeStats
← 建興法師

Black Forest

510811633Analyzed
4v4 RM · 14h ago on Oct 2, 2026· 42m 56s· 8 players
Game mode
Random Map
Map size
Large (8 player)
Population
200
Speed
Normal
Resources
Standard
Victory
Conquest
Starting age
Dark Age
Ending age
Imperial Age
RankedLock teamsTeams togetherTeam positionsShared explorationLock speedFull tech treeHidden civsTurbo modeCheats
Victory
Defeat
🇭🇰 Celts · Hong Kong SAR China
1120
+12
🇦🇹 Vikings · Austria
1101
+13
🇦🇹 Ethiopians · Austria
1073
+14
🇬🇧 Italians · United Kingdom
1068
+14
🇭🇰 Danes · Hong Kong SAR China
1084
-15
🇬🇧 Byzantines · United Kingdom
1068
-15
🇭🇰 Franks · Hong Kong SAR China
1048
-14
🇭🇰 Persians · Hong Kong SAR China
929
-9
Yogensya7784
0:35 Loom
11:18 Feudal Age
11:54 Loom
18:19 Castle Age
16:40 Double-Bit Axe
16:42 Horse Collar
26:03 Heavy Plow
26:18 Bow Saw
31:01 Imperial Age
28:29 Fletching
28:38 Gold Mining
29:48 Wheelbarrow
29:35 Padded Archer Armor
29:36 Stone Mining
29:45 Town Watch
30:23 Ballistics
30:23 Bodkin Arrow
30:45 Leather Archer Armor
31:28 Caravan
32:48 Conscription
33:36 Silk Road
33:48 Silk Road
34:16 Hand Cart
34:39 Stone Shaft Mining
35:09 Two-Man Saw
34:48 Crop Rotation
35:32 Chemistry
36:54 Light Cavalry
38:12 Bloodlines
38:02 Husbandry
37:38 Hussar
39:22 Forging
39:18 Scale Barding Armor
39:14 Bracer
39:45 Ring Archer Armor
42:24 Forging
42:20 Scale Barding Armor
Zapp Brannigan
1:32 Loom
11:58 Feudal Age
17:14 Castle Age
15:41 Stone Mining
15:45 Gold Mining
15:44 Double-Bit Axe
15:52 Horse Collar
26:37 Forging
31:56 Imperial Age
29:57 Scale Mail Armor
30:33 Iron Casting
35:31 Caravan
37:22 Chain Mail Armor
38:19 Blast Furnace
37:43 Fortified Wall
39:27 Conscription
Klautsche
10:27 Feudal Age
11:09 Double-Bit Axe
14:04 Castle Age
15:16 Bow Saw
14:48 Horse Collar
15:32 Heavy Plow
23:30 Wheelbarrow
23:34 Gold Mining
23:41 Stone Mining
25:13 Caravan
25:24 Loom
25:54 Hand Cart
29:56 Imperial Age
28:55 Fletching
29:08 Scale Mail Armor
30:16 Onager
30:59 Torsion Engines
33:36 Ballistics
34:16 Chemistry
36:50 Siege Engineers
37:25 Siege Onager
38:34 Squires
41:45 Conscription
40:45 Elite Shotel Warrior
41:46 Chain Mail Armor
K_aYa
9:35 Loom
11:20 Feudal Age
16:29 Castle Age
14:42 Double-Bit Axe
14:49 Horse Collar
15:20 Gold Mining
16:02 Stone Mining
18:55 Bow Saw
18:52 Heavy Plow
29:43 Wheelbarrow
30:41 Hand Cart
33:39 Imperial Age
31:48 Gold Shaft Mining
31:42 Pikeman
32:07 Gambesons
32:41 Scale Mail Armor
32:51 Forging
33:37 Chain Mail Armor
33:39 Caravan
34:14 Halberdier
34:16 Capped Ram
34:18 Onager
35:21 Ballistics
36:02 Chemistry
36:35 Furor Celtica
36:45 Conscription
36:13 Siege Ram
38:01 Stone Shaft Mining
曠曠曠曠曠曠工
0:45 Loom
14:35 Feudal Age
15:36 Double-Bit Axe
19:09 Castle Age
20:19 Bow Saw
20:49 Stone Mining
20:48 Horse Collar
23:23 Heavy Plow
24:00 Gold Mining
27:24 Wheelbarrow
28:20 Fletching
29:05 Fletching
32:08 Imperial Age
29:57 Bodkin Arrow
30:51 Treadmill Crane
31:50 Gold Shaft Mining
32:32 Ballistics
32:33 Padded Archer Armor
31:58 Pikeman
32:38 Squires
32:24 Gambesons
32:58 Hand Cart
32:53 Elite Skirmisher
35:29 Conscription
37:02 Bracer
37:59 Leather Archer Armor
37:45 Scale Mail Armor
37:36 Arson
38:54 Chemistry
慈母守中線 游子身上E
11:14 Feudal Age
12:07 Loom
16:46 Castle Age
15:30 Double-Bit Axe
15:30 Horse Collar
17:56 Bloodlines
17:47 Gold Mining
20:28 Scale Barding Armor
25:03 Chain Barding Armor
25:59 Husbandry
27:21 Forging
30:34 Iron Casting
41:22 Imperial Age
41:07 Wheelbarrow
41:31 Cavalier
43:20 Blast Furnace
42:56 Plate Barding Armor
建興法師
5:27 Loom
11:24 Feudal Age
15:29 Castle Age
14:32 Double-Bit Axe
17:03 Scale Barding Armor
16:54 Gold Mining
24:47 Chain Barding Armor
24:53 Husbandry
26:26 Wheelbarrow
27:36 Forging
34:33 Imperial Age
32:20 Hand Cart
34:39 Iron Casting
34:45 Cavalier
37:17 Plate Barding Armor
39:50 Blast Furnace
39:23 Paladin
伐伐伐伐伐木工
0:59 Loom
12:44 Feudal Age
16:45 Castle Age
15:00 Gold Mining
15:22 Double-Bit Axe
15:42 Horse Collar
17:50 Wheelbarrow
17:49 Bow Saw
26:50 Imperial Age
25:24 Hand Cart
26:57 Onager
29:47 Siege Onager
30:52 Ballistics
33:45 Chemistry
37:30 Gold Shaft Mining
36:46 Stone Mining
38:01 Northmen's Fury
39:01 Conscription
39:22 Siege Engineers
Connection lost

Rejoining the realm…

Still unreachable

The connection could not be restored.

Session expired

The server has moved on; the page needs a fresh start.